Construct Section Command Post
Selects Air and Sea Battlegroup
Construct Field Infirmary
Construct Platoon Command Post
Unlock Bishop Self-propelled Artillery
Bishop Self-propelled Artillery
6-pounder Anti-tank Gun Team
Selects Commando Section Paradrop
Selects Commando Support Section Paradrop
Commando Section Paradrop
Construct Company Command Post
Unlock M3 Grant Medium Tanks
Selects Anti-tank Rocket Loiter
Commando Section Paradrop
Unlock Towed 17-pounder Anti-tank Guns
17-pounder Anti-tank Gun Team
Selects Naval Bombardment
Commando Section Paradrop